 Dungeon Crawl Stone Soup version 0.19.5-1-g796a6487f8 (webtiles) character file.

231 Ge0ff the Cutter (level 5, 0/51 HPs)
             Began as a High Elf Wanderer on Oct 19, 2021.
             Slain by a centaur
             ... wielding a +0 rapier
              (2 damage)
             ... on level 4 of the Dungeon.
             The game lasted 00:11:53 (2980 turns).

Ge0ff the Cutter (High Elf Wanderer)                Turns: 2980, Time: 00:11:54

Health: 0/51       AC: 22    Str: 16    XL:     5   Next: 72%
Magic:  6/6        EV:  2    Int: 15    God:
Gold:   172        SH:  4    Dex: 16    Spells: 0 memorised, 4 levels left

rFire  . . .     SeeInvis .     a - +4 dagger (venom)
rCold  . . .     Gourm    .     (armour currently unavailable)
rNeg   + + +     Faith    .     Q - +0 buckler
rPois  +         Spirit   .     (helmet currently unavailable)
rElec  .         Reflect  .     (cloak currently unavailable)
rCorr  .         Harm     .     (gloves currently unavailable)
MR     .....     NoTele   +     (boots currently unavailable)
Stlth  +++.......               (no amulet)
                                (no ring)
                                L - ring of flight

@: agile, tree-form
A: no striking features
a: no special abilities


You were on level 4 of the Dungeon.
You were not hungry.
You were a tree.
You visited 1 branch of the dungeon, and saw 4 of its levels.

You collected 172 gold pieces.

Inventory:

Hand Weapons
 a - a +4 dagger of venom (weapon)
 b - a +2 hand crossbow
 h - a +0 hunting sling
 J - a +0 blowgun
 V - a +1 dagger of holy wrath
Missiles
 I - 14 poisoned needles
 N - a throwing net
 S - 15 sling bullets
 W - 34 arrows
 X - 146 stones (quivered)
 Y - 5 bolts
Armour
 E - a +0 pair of boots (melded)
 O - a +0 ring mail of cold resistance
 Q - a +0 buckler (worn)
 R - a +0 pair of gloves (melded)
 U - a +0 leather armour (melded)
Jewellery
 L - a ring of flight (left branch)
Scrolls
 C - 4 scrolls of remove curse
 M - a scroll of recharging
 P - a scroll of noise
 T - 2 scrolls of teleportation
Potions
 G - a potion of flight
 Z - a potion of agility
Books
 B - a book of Misfortune

   Spells                             Type                      Level
   a - Confusing Touch                Hexes                        1
   b - Confuse                        Hexes                        3
   c - Gell's Gravitas                Hexes/Translocation          3
   d - Petrify                        Transmutation/Earth          4
   e - Metabolic Englaciation         Hexes/Ice                    5
   f - Yara's Violent Unravelling     Hexes/Transmutation          5
Comestibles
 f - 3 bread rations
 z - a meat ration
 D - a royal jelly
 F - 15 chunks of flesh
 K - a slice of pizza


   Skills:
 - Level 2.0 Fighting
 * Level 4.6 Short Blades
   Level 1.0 Maces & Flails
 - Level 3.0 Crossbows
 - Level 1.0 Throwing
 - Level 2.0 Armour
 + Level 1.6 Dodging
 - Level 3.0 Stealth
 * Level 2.0 Shields


You had 4 spell levels left.
You didn't know any spells.

Dungeon Overview and Level Annotations

Branches:
Dungeon (4/15)
 Temple: D:4-7

Altars:

Annotations:
D:3 Jessica
D:4 6 exclusions


Message History

Your Shields skill increases to level 2!
The centaur hits you with a rapier! x2
You barely miss the centaur. The centaur hits you with a rapier!
* * * LOW HITPOINT WARNING * * *
It was a potion of flight.
You feel very buoyant.
You fly up into the air.
The centaur closely misses you.
It was a potion of lignification.
You turn into a tree.
Your +0 pair of gloves melds into your body.
Your +0 pair of boots melds into your body.
Your +0 leather armour melds into your body.
Your roots penetrate the ground.
The centaur hits you but does no damage.
You feel agile all of a sudden.
The centaur hits you but does no damage. x2
You closely miss the centaur.
The centaur hits you but does no damage.
You hit the centaur but do no damage.
The centaur is poisoned.
The centaur hits you with a rapier.
You die...

###...#.#### ##.## #.#######
...........# #.# #.#......
###.....##.####.######....##
##.#..##.................#
#............######....##
#....##..##..# #.#.....#
>.......##..##..# #.#.###...
#..##.........c..# #.#.# )#
#. ##...###.##♣## #.#.# # #
#...# #.##.# #.#.. #...#
#.##)# #.... .....# #.##.#
## ## . #.##(# #.##.# #.##)#
#(# #(#


You could see a centaur.

Vanquished Creatures
  An orc wizard (D:4)
  4 gnolls (D:3)
  6 adders
  5 worms
  A dart slug (D:2)
  3 leopard geckos
  10 orcs
  2 giant cockroaches (D:1)
  10 goblins
  6 hobgoblins
  8 jackals
  A quokka (D:4)
  A ball python (D:4)
  7 bats
  2 frilled lizards
  9 kobolds
  A leopard gecko skeleton (D:4)
  4 rats
81 creatures vanquished.

Notes
Turn   | Place    | Note
-------+----------+-------------------------------------------
     0 | D:1      | Ge0ff the High Elf Wanderer began the quest for the Orb.
     0 | D:1      | Ge0ff set off with: a +2 hand crossbow, 27 bolts, a +0 buckler, a +0 robe, a bread ration, a scroll of teleportation
     0 | D:1      | Reached XP level 1. HP: 14/14 MP: 2/2
   110 | D:1      | Reached skill level 1 in Stealth
   154 | D:1      | Reached XP level 2. HP: 16/19 MP: 3/3
   220 | D:1      | Reached skill level 1 in Short Blades
   748 | D:2      | Reached skill level 2 in Short Blades
   748 | D:2      | Reached XP level 3. HP: 9/24 MP: 4/4
  2124 | D:3      | Noticed Jessica
  2233 | D:3      | Reached XP level 4. HP: 29/29 MP: 5/5
  2243 | D:3      | Reached skill level 3 in Short Blades
  2243 | D:3      | Reached skill level 1 in Dodging
  2397 | D:3      | Reached XP level 5. HP: 34/34 MP: 6/6
  2403 | D:3      | Reached skill level 4 in Short Blades
  2965 | D:4      | Noticed a centaur
  2975 | D:4      | HP: 1/34 [centaur/rapier (10)]
  2980 | D:4      | Slain by a centaur

Skill      XL: |  1  2  3  4  5 |
---------------+----------------+-----
Stealth        | 1 2 3 |  3.0
Short Blades   | 2 3 4 |  4.6
Dodging        | 1 |  1.6
Armour         | 2 |  2.0
Shields        | 2 |  2.0
Fighting       | |  2.0
Maces & Flails | |  1.0
Crossbows      | |  3.0
Throwing       | |  1.0

Action                   |  1- 3 |  4- 6 || total
-------------------------+-------+-------++-------
Melee: Dagger            |    53 |    64 ||   117
 Fire: Hand crossbow     |    34 |    42 ||    76
Throw: Stone             |    23 |     3 ||    26
  Use: Scroll            |     4 |     2 ||     6
       Potion            |       |     3 ||     3
  Eat: Chunk             |     3 |     3 ||     6
Armor: Leather armour    |    17 |    12 ||    29
       Skin              |       |     4 ||     4
Dodge: Dodged            |    21 |    29 ||    50
Block: Buckler           |     9 |     6 ||    15
